 Dungeon Crawl Stone Soup version 0.31-a0-246-g8cbcc1cb85 (webtiles) character file.

Game seed: 13386191501405106530

74 qw the Shooter (level 4, -4/26 HPs)
             Began as a Gargoyle Hexslinger on July 12, 2023.
             Killed from afar by Ijyb (17 damage)
             ... with an iceblast
             ... on level 3 of the Dungeon.
             The game lasted 00:00:44 (2026 turns).

qw the Shooter (Gargoyle Hexslinger)                Turns: 2026, Time: 00:00:45

Health: -4/26      AC:  8    Str: 12    XL:     4   Next: 30%
Magic:  5/5        EV: 10    Int: 13    God:
Gold:   59         SH:  0    Dex: 14    Spells: 4/5 levels left

rFire   . . .        Y - +1 sling
rCold   . . .        (no shield)
rNeg    + . .        f - +0 ring mail
rPois   inf          (no helmet)
rElec   +            (no cloak)
rCorr   .            (no gloves)
SInv    .            (no boots)
Will    .....        (no amulet)
Stlth   +            (no ring)
HPRegen 0.24/turn    (no ring)
MPRegen 0.09/turn

%: no passive effects
@: no status effects
A: sickness immunity, AC +3, negative energy resistance 1, electricity
resistance, torment resistance 1, petrification resistance
a: no special abilities


You were on level 3 of the Dungeon.
You visited 1 branch of the dungeon, and saw 3 of its levels.

You collected 59 gold pieces.


Innate Abilities, Weirdness & Mutations

You are immune to sickness and miasma.
Your stone body is resilient. (AC +3)
You are immune to poison.
You resist negative energy. (rN+)
You are resistant to electric shocks. (rElec)
You are resistant to unholy torment.
You are immune to petrification.


   Skills:
 - Level 2.0 Fighting
 - Level 4.0 Ranged Weapons
 + Level 0.3 Armour
 - Level 1.5 Dodging
 - Level 1.0 Spellcasting
 - Level 2.6 Hexes


You had 4 spell levels left.
You knew the following spells:

 Your Spells              Type           Power      Damage    Failure   Level
a - Slow                  Hex            28%        N/A       22%         1

Your spell library contained the following spells:

 Spells                   Type           Power      Damage    Failure   Level
 Inner Flame              Hex/Fire       4%         N/A       73%         3
 Portal Projectile        Hex/Tloc       8%         N/A       73%         3
 Cause Fear               Hex            3%         N/A       91%         4

Inventory:

Hand Weapons
 Y - a +1 sling (weapon)
Armour
 a - a scarf of shadows
 f - a +0 ring mail (worn)
Wands
 c - a wand of digging (8)
Potions
 e - a potion of invisibility {unknown}
 g - a potion of might
 h - 3 potions of curing
 j - a potion of heal wounds {unknown}

Dungeon Overview and Level Annotations

Branches:
Dungeon (3/15)

Altars:

Annotations:
D:3 Ijyb


Message History

The worm barely misses you.
You shoot a sling bullet. The sling bullet hits the worm.
You kill the worm!
You start resting.
HP restored.
Done exploring.
(D) Dungeon
Where to? (* - list waypoints, Enter - D:3, ? - help)
What level of the Dungeon? (default 1, ? - help)
You climb downwards.
There is a stone staircase leading up here.
A kobold comes into view. It is wielding a +0 club.
The kobold shouts!
You hear a shout!
You shoot a sling bullet.
The sling bullet barely misses the kobold.
You see here a scarf of shadows.
A kobold is nearby!
You shoot a sling bullet.
The sling bullet barely misses the kobold.
You shoot a sling bullet.
The sling bullet closely misses the kobold.
You shoot a sling bullet. The sling bullet hits the kobold.
You kill the kobold!
a - a scarf of shadows Ijyb the Twisted Goblin comes into view.
She is wielding a +0 club and carrying a wand of iceblast.
Ijyb shouts!
You shoot a sling bullet. The sling bullet barely misses Ijyb.
Ijyb screams, "Me stronger than you!"
You shoot a sling bullet. The sling bullet hits Ijyb.
Ijyb is lightly wounded.
Ijyb zaps a wand.
The mass of ice explodes!
The iceblast engulfs you.
Ijyb zaps a wand.
The mass of ice explodes!
The iceblast engulfs you!
You hear a shout!
You hear an angry hiss. x2
You shoot a sling bullet. The sling bullet misses Ijyb.
You shoot a sling bullet.
The sling bullet hits Ijyb but does no damage.
Ijyb is lightly wounded.
Ijyb zaps a wand.
The mass of ice explodes!
The iceblast engulfs you!
Ouch! That really hurt!
You die...

###.##....
...##.#.# .
#.......#
#.####...#g#.#
...........
#.......# #
#...>...#.#
#...<.)@..#
##......###
..........#
######.#..#
#......
###.#### #.#
#.# ..#


You could see Ijyb.

Vanquished Creatures
  2 adders (D:2)
  3 worms (D:2)
  A dart slug (D:1)
  7 ball pythons
  3 bats
  2 endoplasms
  3 giant cockroaches
  5 goblins
  3 hobgoblins
  4 jackals (D:2)
  2 kobolds
  2 quokkas
  A frilled lizard (D:2)
  3 rats (D:1)
41 creatures vanquished.

Notes
Turn   | Place    | Note
-------+----------+-------------------------------------------
     0 | D:1      | qw the Gargoyle Hexslinger began the quest for the Orb.
     0 | D:1      | Reached XP level 1. HP: 12/12 MP: 2/2
     0 | D:1      | 0 ||| qw: Version: 0.3-a-52-g30416fa
     0 | D:1      | 0 ||| qw: Game counter: 6528
     0 | D:1      | 0 ||| qw: Melee chars always use a shield: true
     0 | D:1      | 0 ||| qw: God list: Okawaru
     0 | D:1      | 0 ||| qw: Allow faded altars: false
     0 | D:1      | 0 ||| qw: Do Orc after clearing Dungeon:15 true
     0 | D:1      | 0 ||| qw: Do second Lair branch before Depths: true
     0 | D:1      | 0 ||| qw: Lair rune preference: random
     0 | D:1      | 0 ||| qw: Goals: Normal
     0 | D:1      | 0 ||| PLANNING D:1-11
     3 | D:1      | 3 ||| Stepping ~*~*~tactically~*~*~ (water).
     5 | D:1      | 5 ||| Stepping ~*~*~tactically~*~*~ (water).
    62 | D:1      | Reached XP level 2. HP: 16/16 MP: 3/3
   311 | D:1      | Reached skill level 3 in Ranged Weapons
   559 | D:1      | Reached XP level 3. HP: 21/21 MP: 4/4
   684 | D:1      | Found a faded altar of an unknown god.
   804 | D:1      | 804 ||| UPGRADING to +0 ring mail.
   814 | D:1      | 814 ||| DROPPING +0 robe.
   815 | D:1      | 815 ||| READING scroll labelled ZAWE VEFEDOSO.
   816 | D:1      | 816 ||| DRINKING 2 smoky green potions.
   920 | D:1      | 920 ||| DRINKING 2 puce potions.
   921 | D:1      | 921 ||| DROPPING scroll of poison.
   922 | D:1      | 922 ||| DROPPING potion of berserk rage.
  1612 | D:2      | Reached XP level 4. HP: 15/26 MP: 5/5
  1703 | D:2      | 1703 ||| FLEEEEING.
  1709 | D:2      | 1709 ||| FLEEEEING.
  1710 | D:2      | 1710 ||| FLEEEEING.
  1711 | D:2      | 1711 ||| FLEEEEING.
  1915 | D:2      | 1915 ||| DROPPING +6 ring of intelligence.
  1916 | D:2      | 1916 ||| READING scroll labelled DEUBIO MOFOEDU.
  1917 | D:2      | 1917 ||| READING scroll labelled UTTIUH SUCO.
  1918 | D:2      | 1918 ||| DRINKING 4 fizzy amethyst potions.
  1938 | D:3      | 1938 ||| STAIRDANCE
  1947 | D:2      | Reached skill level 4 in Ranged Weapons
  2022 | D:3      | Noticed Ijyb
  2026 | D:3      | Killed from afar by Ijyb

Levels and vault maps discovered:
D:1:      ncdulo_watergridlock, layout_loops_cross,
          shapermc_ecumenical_altar_flowoftime, minmay_tetromino_t2
D:2:      layout_loops_corners
D:3:      layout_loops_ring, nicolae_gozag_seed_capital, uniq_ijyb

Skill      XL: |  1  2  3  4 |
---------------+-------------+-----
Ranged Weapons | 3 4 |  4.0
Fighting       | 2 |  2.0
Armour         | |  0.3
Dodging        | |  1.5
Spellcasting   | |  1.0
Hexes          | |  2.6

Action                     |  1- 3 |  4- 6 || total
---------------------------+-------+-------++-------
   Fire: Sling             |   145 |    34 ||   179
    Use: Potion            |     2 |     1 ||     3
         Scroll            |     1 |     2 ||     3
 Armour: Robe              |    14 |       ||    14
         Ring mail         |    41 |    13 ||    54
  Dodge: Dodged            |    70 |    18 ||    88

Table legend:
 A = Non-vault XP
 B = Vault XP
 C = Vault XP percentage of total XP
 D = Non-vault monster count
 E = Vault monster count
 F = Vault count percentage of total count
                 A         B        C        D         E       F
            +---------+---------+-------+---------+---------+-------
      Total |     103 |       4 |   3.7 |      39 |       2 |   4.9
            +---------+---------+-------+---------+---------+-------
        D:1 |      32 |       4 |  11.1 |      17 |       2 |  10.5
        D:2 |      68 |       0 |   0.0 |      20 |       0 |   0.0
        D:3 |       3 |       0 |   0.0 |       2 |       0 |   0.0
            +---------+---------+-------+---------+---------+-------
